 Dungeon Sprint DCSS version 0.30-a0-6-g7c9e10e132 (webtiles) character file.

Game seed: 3691810707183838871

10 ShadedKnight the Poker (level 2, -5/23 HPs)
             Began as a Merfolk Gladiator on Aug 22, 2022.
             Was an Initiate of Ru.
             Slain by a polar bear (17 damage)
             ... in the Dungeon (Sprint II: "The Violet Keep of Menkaure").
             The game lasted 00:01:37 (148 turns).

ShadedKnight the Poker (Merfolk Gladiator)           Turns: 148, Time: 00:01:38

Health: -5/23      AC:  4    Str: 14    XL:     2   Next: 20%
Magic:  2/2        EV: 14    Int:  7    God:    Ru [......]
Gold:   243        SH:  0    Dex: 15    Spells: 1/1 levels left

rFire   . . .      SeeInvis .    a - +0 trident
rCold   . . .      Faith    .    (no shield)
rNeg    . . .      Spirit   .    b - +0 leather armour
rPois   .          Reflect  .    c - +0 helmet
rElec   .          Harm     .    (no cloak)
rCorr   .          Rampage  .    (no gloves)
Will    .....      NoTele   +    (no boots)
Stlth   +.........               (no amulet)
HPRegen 0.07/turn                (no ring)
MPRegen 0.08/turn                (no ring)

@: hasted, very quick
A: (nimble swimmer 2), mertail
a: Renounce Religion


You were in the Dungeon.
You worshipped Ru.
Ru was noncommittal.
You visited 1 branch You collected 243 gold pieces.


Innate Abilities, Weirdness & Mutations

((You are very nimble when in or above water. (Stealth+, EV+, Speed+++)))
Your lower body shifts to a powerful aquatic tail in water.


   Skills:
 + Level 2.7 Fighting
 + Level 5.4 Polearms
 + Level 2.3 Throwing
 + Level 5.3 Dodging


You had one spell level left.
You didn't know any spells.
Your spell library was empty.

Inventory:

Hand Weapons
 a - a +0 trident (weapon)
Missiles
 d - 3 throwing nets (quivered)
 e - a javelin
Armour
 b - a +0 leather armour (worn)
 c - a +0 helmet (worn)
Scrolls
 k - a scroll of blinking
Potions
 i - 2 potions of magic

Dungeon Overview and Level Annotations

Branches:
Dungeon (1/1) Zot: 27000

Altars:
Cheibriados
Dithmenos
Elyvilon
Fedhas
Gozag
Hepliaklqana
Kikubaaqudgha
Makhleb
Nemelex Xobeh
Okawaru
Qazlal
Ru
Sif Muna
Trog
Uskayaw
Vehumet
Wu Jian
Xom
Yredelemnul
Zin
The Shining One
Jiyva
Lugonu

Shops:
D [[!![===((:

Annotations:
D Menkaure #.#....# ...# #l # #..## #..# $# )?$$?

+# #s##..# +.^# .#▓?$?($?
.###s.#..# #..# .#▓!)$[))$
<.+$##+..####^.##.#▓$!!!(!)
.###s.#....###.c.##▓▓▓▓▓▓▓+
+# #s##......~~yh~~~~~~~~~
###~~.....~#h########+###
#~§~~~~~..~#h@_._...#S§~##
##§~~~~~~~.~#._._._._#S§≈≈#
+##~~§≈≈≈§~§~~#_._._._.#§~~~≈
~~~~~~~§§≈≈~~~#._._._._#§§~≈§
#+++#~≈≈§≈≈§§§#.._._._.#~§~§§


SS≈ ##§§§###§§#..._._._#~~~§≈ S≈≈S§##§§# #§§#...._._.#~~§§≈ §SS≈≈≈+≈≈#
#≈≈#....._..#§≈≈§▓ §§§≈≈##≈§≈≈≈≈≈##########§≈≈§▓ You could see 3 polar bears, a
yaktaur and a hornet.


Message History

A polar bear comes into view!
There is an open door here!
You feel yourself speed up!
The hornet buzzes angrily!
There are no items here!
You barely miss the polar bear! The polar bear misses you!
The polar bear claws you but does no damage!
The polar bear closely misses you!
The hornet fails to trigger a net trap!
Okay, then!
You stick the polar bear but do no damage!
The polar bear bites you! The polar bear claws you!
The polar bear claws you but does no damage!
You barely miss the polar bear!
You feel much better!
The polar bear fails to trigger a net trap!
You barely miss the polar bear! The polar bear bites you!!!
DANG The polar bear barely misses you!
The polar bear claws you! * * * don't die
* * * The polar bear closely misses you!
The polar bear claws you but does no damage!
The polar bear misses you!
The yaktaur fails to trigger a net trap!
You feel better!
You perforate the polar bear like a sieve!
The polar bear is lightly wounded!
The polar bear bites you!!!
DANG rip

Skill      XL: |  1 |
---------------+----+-----
Polearms       | 5 |  5.4
Dodging        | 5 |  5.3
Fighting       | |  2.7
Throwing       | |  2.3

Action                   || total
-------------------------++-------
Melee: Trident           ||    14
  Use: Potion            ||     4
Armor: Leather armour    ||     3
Dodge: Dodged            ||     7

Levels and vault maps discovered:
D:        the_violet_keep_of_menkaure [sprint2_stairs_cluster_1,
          sprint2_shoproom, sprint2_temple, sprint2_basic_supplies,
          sprint2_obstacle_7, sprint2_obstacle_2, sprint2_obstacle_4,
          sprint2_obstacle_3, sprint2_obstacle_5, sprint2_timed_cluster_1,
          sprint2_smallroom_cluster_1, sprint2_smallroom_final_cluster_1,
          sprint2_transparent_cluster_1, sprint2_second_timed_cluster_1,
          sprint2_sniper_area_1, sprint2_heavy_combat_area_1,
          sprint2_mutation_trap_area_1, sprint2_forest_area_1,
          sprint2_light_combat_area_1, sprint2_behind_water_1,
          sprint2_near_end_vault_1]

Notes
Turn   | Place    | Note
-------+----------+-------------------------------------------
     0 | D        | ShadedKnight the Merfolk Gladiator began the quest for the
                  | Orb.
     0 | D        | Reached XP level 1. HP: 16/16 MP: 1/1
     1 | D        | Noticed a wyvern
     1 | D        | Noticed a wyvern
     8 | D        | Noticed a scorpion
     8 | D        | Noticed a scorpion
    19 | D        | Reached skill level 5 in Polearms
    19 | D        | Reached skill level 5 in Dodging
    19 | D        | Reached XP level 2. HP: 23/23 MP: 2/2
    66 | D        | Found Juesu's Armour Emporium.
    66 | D        | Found Sysi's Jewellery Emporium.
    66 | D        | Found Gunuywui's Antique Weapon Emporium.
    66 | D        | Found Enalam's Distillery.
    66 | D        | Found Teuliops's Jewellery Shoppe.
    67 | D        | Found Borud's Distillery.
    67 | D        | Found Ahut's Book Emporium.
    67 | D        | Found Sotiumox's Jewellery Shoppe.
    67 | D        | Found Deiwnedi's Antique Weapon Shoppe.
    68 | D        | Found Dovul's Antique Armour Shoppe.
    68 | D        | Found Koosiut's Antique Armour Emporium.
    68 | D        | Noticed a yak
    68 | D        | Killed a water moccasin
    69 | D        | Noticed Menkaure
    69 | D        | Noticed a yak
    74 | D        | Noticed an electric eel
    76 | D        | Noticed an electric eel
    78 | D        | Noticed an electric eel
    78 | D        | Noticed an electric eel
    78 | D        | Noticed an electric eel
    78 | D        | Noticed an electric eel
    78 | D        | Noticed an electric eel
    79 | D        | Noticed an electric eel
    80 | D        | Noticed an electric eel
    95 | D        | Noticed a scorpion
    95 | D        | Noticed a scorpion
    97 | D        | Found an iron altar of Okawaru.
    97 | D        | Found an opulent altar of Gozag.
    98 | D        | Found a sparkling altar of Nemelex Xobeh.
    98 | D        | Found a blossoming altar of Fedhas.
    99 | D        | Found a radiant altar of Vehumet.
    99 | D        | Found a burning altar of Makhleb.
    99 | D        | Found a white marble altar of Elyvilon.
   100 | D        | Found a hide-covered altar of Uskayaw.
   100 | D        | Found a corrupted altar of Lugonu.
   100 | D        | Found a shadowy altar of Dithmenos.
   101 | D        | Found a glowing silver altar of Zin.
   101 | D        | Found a bloodstained altar of Trog.
   101 | D        | Found an ancient bone altar of Kikubaaqudgha.
   102 | D        | Found a basalt altar of Yredelemnul.
   102 | D        | Found a shimmering blue altar of Sif Muna.
   102 | D        | Found a viscous altar of Jiyva.
   103 | D        | Found a shimmering altar of Xom.
   103 | D        | Found a sacrificial altar of Ru.
   104 | D        | Found a glowing golden altar of the Shining One.
   104 | D        | Found an ornate altar of the Wu Jian Council.
   104 | D        | Found a stormy altar of Qazlal.
   106 | D        | Found a snail-covered altar of Cheibriados.
   106 | D        | Found a hazy altar of Hepliaklqana.
   109 | D        | Noticed a water moccasin
   109 | D        | Noticed a water moccasin
   113 | D        | Became a worshipper of Ru the Awakened
   137 | D        | Noticed a yaktaur
   137 | D        | Noticed a hornet
   137 | D        | Noticed a polar bear
   137 | D        | Noticed a polar bear
   138 | D        | Noticed a polar bear
   148 | D        | Slain by a polar bear

Vanquished Creatures
  3 worms (D)
3 creatures vanquished.

Vanquished Creatures (others)
  A water moccasin (D)
1 creature vanquished.

Grand Total: 4 creatures vanquished

Table legend: (Time is in decaauts)
 A = Elapsed time spent in this place.
 B = Non-inter-level travel time spent in this place.
 C = Inter-level travel time spent in this place.
 D = Time resting spent in this place.
 E = Time spent auto-exploring this place.
 F = Levels seen in this place.
 G = Mean time per level.
                   A        B        C        D        E       F      G
               +--------+--------+--------+--------+--------+-----+--------+
         Total |    146 |    146 |      0 |     63 |      0 |   1 |  146.0 |
       Dungeon |    146 |    146 |      0 |     63 |      0 |   1 |  146.0 |
               +--------+--------+--------+--------+--------+-----+--------+

Top non-repeatable levels by time:
       D: 146 daAuts

Table legend:
 A = Non-vault XP
 B = Vault XP
 C = Vault XP percentage of total XP
 D = Non-vault monster count
 E = Vault monster count
 F = Vault count percentage of total count
                 A         B        C        D         E       F
            +---------+---------+-------+---------+---------+-------
      Total |       0 |      15 | 100.0 |       0 |       3 | 100.0
            +---------+---------+-------+---------+---------+-------
          D |       0 |      15 | 100.0 |       0 |       3 | 100.0
            +---------+---------+-------+---------+---------+-------
